Panthers vs Oilers

Created - March 4, 2017 at 10:03

Goals
1 2 3 T
Panthers 2 0 0 2
Oilers 1 1 1 3
Shots
1 2 3 T
Panthers 11 3 10 24
Oilers 5 12 15 32

1st period

1. Panthers , Alex Tanguay 9 (Artem Anisimov) at 1:05
2. Panthers , Vladimir Tarasenko 24 (Joe Thornton) at 7:21
3. Oilers , Aleksander Barkov 33 (Francois Beauchemin, Blake Wheeler) at 19:58

Penalties :
Marc-Andre Fleury (FLA) for Slashing (Minor) at 13:15 - Joe Vitale served the penalty.

2nd period

4. Oilers , Justin Williams 25 (Brad Marchand, Brent Burns) at 18:00

Penalties :
Justin Braun (FLA) for Roughing (Minor) at 3:45, Blake Wheeler (EDM) for Roughing (Minor) at 13:55, Danny DeKeyser (FLA) for Roughing (Minor) at 18:39

3rd period

5. Oilers , Brad Marchand 44 (Marc-Edouard Vlasic, Ryan Getzlaf) at 10:07

Penalties :
Blake Wheeler (EDM) for Interference (Minor) at 5:12, Matt Read (EDM) for Hooking (Minor) at 10:13, Danny DeKeyser (FLA) for Holding (Minor) at 12:42

Goalie Stats

Marc-Andre Fleury (FLA), 29 saves from 32 shots - (0.906), L, 35-20-3, 58:54 minutes
Martin Jones (EDM), 22 saves from 24 shots - (0.917), W, 40-10-1, 60:00 minutes

Players Stats for Panthers

Player Name              G  A  P  +/- PIM S  H  SB GA TA FO     MP     PP MP  PK MP  
------------------------------------------------------------------------------------
Adam Pelech              0  0  0   0  0   0  3  2  0  0  0/0    19:01   0:00   1:54 
Alex Tanguay             1  0  1   0  0   4  0  1  0  0  1/1    10:42   0:00   0:44 
Artem Anisimov           0  1  1   0  0   3  1  0  0  0  11/18  17:47   3:30   4:19 
Brian ONeill             0  0  0   0  0   0  1  0  0  0  0/0    13:36   0:00   0:00 
Danny DeKeyser           0  0  0   0  4   1  2  3  0  0  0/0    21:09   2:31   2:37 
Jesper Fast              0  0  0   0  0   1  1  0  0  0  1/2    21:34   2:27   2:53 
Joe Thornton             0  1  1   0  0   4  0  0  0  0  9/21   17:20   2:27   0:34 
Joe Vitale               0  0  0   0  0   0  0  0  0  0  0/0     6:16   0:00   0:00 
Julian Melchiori         0  0  0   0  0   0  0  0  0  0  0/0     0:24   0:00   0:24 
Justin Braun             0  0  0  -1  2   0  5  1  0  0  0/0    22:31   3:26   3:04 
Matt Duchene             0  0  0  -1  0   1  1  0  0  0  10/20  22:07   3:30   3:03 
Mikkel Boedker           0  0  0  -1  0   3  2  0  0  0  1/3    19:04   3:30   0:00 
Patrick Kane             0  0  0   0  0   0  0  0  0  0  4/8     6:16   0:00   0:00 
Ryan Carter              0  0  0  -1  0   2  1  0  0  0  1/3    16:17   0:00   0:00 
T.J. Brodie              0  0  0  -1  0   0  1  1  0  0  0/0    22:45   3:26   2:34 
Trevor van Riemsdyk      0  0  0   0  0   0  1  0  0  0  0/0    13:19   0:00   0:00 
Tyler Myers              0  0  0   0  0   2  2  2  0  0  0/0    20:48   2:31   5:19 
Vladimir Tarasenko       1  0  1   0  0   3  1  0  0  0  1/2    21:05   2:27   4:19 

Players Stats for Oilers

Player Name              G  A  P  +/- PIM S  H  SB GA TA FO     MP     PP MP  PK MP  
------------------------------------------------------------------------------------
Aleksander Barkov        1  0  1   0  0   5  0  1  0  0  15/27  19:20   4:13   0:11 
Blake Wheeler            0  1  1   0  4   5  4  0  0  0  0/1    18:37   3:43   0:00 
Brad Marchand            1  1  2   2  0   6  2  0  0  0  1/2    18:00   3:43   0:00 
Brent Burns              0  1  1   2  0   1  1  1  0  0  0/0    16:39   0:00   0:16 
Dominic Moore            0  0  0   0  0   1  0  1  0  0  1/2     9:10   0:00   3:06 
Francois Beauchemin      0  1  1   2  0   1  1  1  0  0  0/0    23:13   3:45   3:05 
Jannik Hansen            0  0  0  -1  0   3  1  0  0  0  1/3    17:43   4:13   2:40 
Jay Beagle               0  0  0   0  0   0  0  0  0  0  1/5     9:00   0:00   2:56 
Jori Lehtera             0  0  0   0  0   1  0  0  0  0  2/3     6:04   0:00   0:00 
Justin Williams          1  0  1   2  0   2  0  0  0  0  0/1    18:30   4:13   0:00 
Marc-Edouard Vlasic      0  1  1   1  0   2  1  0  0  0  0/0    19:52   4:11   0:16 
Marco Scandella          0  0  0   1  0   0  1  1  0  0  0/0    22:41   4:11   3:05 
Matt Read                0  0  0  -1  2   0  0  0  0  0  0/0    10:49   0:00   0:00 
Michael Grabner          0  0  0   0  0   2  1  0  0  0  0/0    17:57   0:00   3:01 
Nicklas Grossmann        0  0  0  -2  0   1  2  4  0  0  0/0    20:40   3:45   2:36 
Ryan Getzlaf             0  1  1   2  0   1  3  0  0  0  9/21   18:00   3:43   0:00 
Ryan Johansen            0  0  0  -1  0   0  1  0  0  0  9/13   10:50   0:00   0:00 
Zbynek Michalek          0  0  0  -2  0   1  0  0  0  0  0/0    16:55   0:00   2:36 

3 Stars

1 - Brad Marchand (EDM)
2 - Justin Williams (EDM)
3 - Ryan Getzlaf (EDM)

Power Play

Panthers - 0 on 3 Attempt(s) - 0.00%
Oilers - 0 on 4 Attempt(s) - 0.00%

Penalty Kill

Panthers - 4 on 4 Attempt(s) - 100.00% - Score 0 goal in Penalty Kill
Oilers - 3 on 3 Attempt(s) - 100.00% - Score 0 goal in Penalty Kill

Team Stat

Panthers - Hits : 22 - Faceoff Wins : 39 - Blocked Shots : 10 - Penalty Minutes : 8
Oilers - Hits : 18 - Faceoff Wins : 39 - Blocked Shots : 9 - Penalty Minutes : 6

Official

Referees : Frederick L'Ecuyer and Dave Lewis
Linesman : Michel Cormier and Mike Cvik

Game Notes

No Game Note

Finance

Level 1 -- Attendance: 6327 (97.34%) -- Ticket Income $588,411
Level 2 -- Attendance: 5000 (100.00%) -- Ticket Income $365,000
Level 3 -- Attendance: 2415 (69.00%) -- Ticket Income $156,975
Level 4 -- Attendance: 839 (100.00%) -- Ticket Income $52,018
Luxury Box -- Attendance: 1000 (100.00%) -- Ticket Income $195,000
Game was played at the Rexall Place.
Total Attendance: 15581 (92.53%)
Total Ticket Income: $1,357,404
Other Income: $203,611
Total Income: $1,561,015

% Time on Ice - Panthers

Lines # - Real PCT - Wanted PCT - Time Play
Normal Forward
1 - 34% - 37% - 15:34
2 - 30% - 33% - 13:36
3 - 22% - 25% - 9:58
4 - 14% - 5% - 6:16
Normal Defense
1 - 35% - 40% - 16:02
2 - 35% - 35% - 16:03
3 - 27% - 25% - 12:29
4 - 2% - 0% - 0:50
PP Forward
1 - 59% - 50% - 3:30
2 - 41% - 50% - 2:27
PP Defense
1 - 58% - 60% - 3:26
2 - 42% - 40% - 2:31
PK Forward
1 - 46% - 50% - 3:37
2 - 54% - 50% - 4:19
PK Defense
1 - 72% - 60% - 5:42
2 - 28% - 40% - 2:14
PK3 Forward
1 - 0% - 60%
2 - 0% - 40%
PK3 Defense
1 - 0% - 60%
2 - 0% - 40%
44 Forward
1 - 0% - 60%
2 - 0% - 40%
44 Defense
1 - 0% - 60%
2 - 0% - 40%
Last Minute Offensive  - 0:43
Last Minute Defensive  - 0:00
Total
Forward - 60:00
Defense - 60:00

% Time on Ice - Oilers

Lines # - Real PCT - Wanted PCT - Time Play
Normal Forward
1 - 32% - 34% - 14:56
2 - 31% - 34% - 14:17
3 - 23% - 24% - 10:50
4 - 13% - 8% - 6:04
Normal Defense
1 - 33% - 36% - 15:25
2 - 36% - 32% - 16:23
3 - 31% - 32% - 14:19
4 - 0% - 0% - 0:00
PP Forward
1 - 47% - 50% - 3:43
2 - 53% - 50% - 4:13
PP Defense
1 - 53% - 50% - 4:11
2 - 47% - 50% - 3:45
PK Forward
1 - 51% - 50% - 3:01
2 - 49% - 50% - 2:56
PK Defense
1 - 48% - 60% - 2:52
2 - 52% - 40% - 3:05
PK3 Forward
1 - 0% - 60%
2 - 0% - 40%
PK3 Defense
1 - 0% - 60%
2 - 0% - 40%
44 Forward
1 - 0% - 50%
2 - 0% - 50%
44 Defense
1 - 0% - 60%
2 - 0% - 40%
Last Minute Offensive  - 0:00
Last Minute Defensive  - 0:00
Total
Forward - 60:00
Defense - 60:00

Play by Play

1st period


0:01 of 1st period - Matt Duchene wins face-off versus Aleksander Barkov in neutral zone.
0:39 of 1st period - Shot by Michael Grabner.
0:39 of 1st period - Stopped by Marc-Andre Fleury without a rebound.
0:40 of 1st period - Joe Thornton wins face-off versus Brad Marchand in Panthers zone.
0:59 of 1st period - Shot by Vladimir Tarasenko.
0:59 of 1st period - Stopped by Martin Jones without a rebound.
1:00 of 1st period - Artem Anisimov wins face-off versus Ryan Johansen in Oilers zone.
1:05 of 1st period - Shot by Alex Tanguay.
1:05 of 1st period - Goal by Alex Tanguay - Panthers : 1 - Oilers : 0.
1:06 of 1st period - Ryan Johansen wins face-off versus Artem Anisimov in neutral zone.
1:17 of 1st period - Shot by Alex Tanguay.
1:17 of 1st period - Stopped by Martin Jones without a rebound.
1:18 of 1st period - Joe Thornton wins face-off versus Ryan Getzlaf in Oilers zone.
1:19 of 1st period - Shot by Vladimir Tarasenko.
1:19 of 1st period - Shot Misses the Net.
1:26 of 1st period - Icing by Brad Marchand.
1:27 of 1st period - Ryan Getzlaf wins face-off versus Patrick Kane in Oilers zone.
2:15 of 1st period - Icing by Francois Beauchemin.
2:16 of 1st period - Ryan Getzlaf wins face-off versus Joe Thornton in Oilers zone.
2:16 of 1st period - Brent Burns is hit by Vladimir Tarasenko and loses puck.
3:39 of 1st period - Off-side.
3:40 of 1st period - Aleksander Barkov wins face-off versus Artem Anisimov in neutral zone.
3:51 of 1st period - Shot by Blake Wheeler.
3:51 of 1st period - Shot Blocked by Tyler Myers.
4:35 of 1st period - Danny DeKeyser is hit by Blake Wheeler and loses puck.
6:57 of 1st period - Shot by Justin Williams.
6:57 of 1st period - Stopped by Marc-Andre Fleury with a rebound.
7:19 of 1st period - Shot by Vladimir Tarasenko.
7:19 of 1st period - Shot Misses the Net.
7:21 of 1st period - Shot by Vladimir Tarasenko.
7:21 of 1st period - Goal by Vladimir Tarasenko - Panthers : 2 - Oilers : 0.
7:22 of 1st period - Jori Lehtera wins face-off versus Joe Thornton in neutral zone.
8:08 of 1st period - Icing by Danny DeKeyser.
8:09 of 1st period - Aleksander Barkov wins face-off versus Joe Thornton in Panthers zone.
8:14 of 1st period - Shot by Aleksander Barkov.
8:14 of 1st period - Shot Blocked by Danny DeKeyser.
9:02 of 1st period - Shot by Matt Duchene.
9:02 of 1st period - Shot Misses the Net.
9:28 of 1st period - Shot by Alex Tanguay.
9:28 of 1st period - Stopped by Martin Jones without a rebound.
9:29 of 1st period - Patrick Kane wins face-off versus Justin Williams in Oilers zone.
9:43 of 1st period - Icing by Marc-Edouard Vlasic.
9:44 of 1st period - Joe Thornton wins face-off versus Ryan Getzlaf in Oilers zone.
11:02 of 1st period - Brent Burns is hit by Jesper Fast.
11:06 of 1st period - Shot by Ryan Johansen.
11:06 of 1st period - Deflect By Jannik Hansen.
11:06 of 1st period - Shot Misses the Net.
11:51 of 1st period - Shot by Tyler Myers.
11:51 of 1st period - Stopped by Martin Jones without a rebound.
11:52 of 1st period - Mikkel Boedker wins face-off versus Aleksander Barkov in Oilers zone.
12:13 of 1st period - Shot by Mikkel Boedker.
12:13 of 1st period - Stopped by Martin Jones without a rebound.
12:14 of 1st period - Ryan Getzlaf wins face-off versus Patrick Kane in Oilers zone.
12:52 of 1st period - Shot by Justin Williams.
12:52 of 1st period - Shot Blocked by T.J. Brodie.
13:15 of 1st period - Shot by Aleksander Barkov.
13:15 of 1st period - Stopped by Marc-Andre Fleury without a rebound.
13:15 of 1st period - Minor Penalty to Marc-Andre Fleury for Slashing.
13:16 of 1st period - Artem Anisimov wins face-off versus Aleksander Barkov in Panthers zone.
13:16 of 1st period - Artem Anisimov is hit by Jannik Hansen.
13:28 of 1st period - Shot by Justin Williams.
13:28 of 1st period - Deflect By Aleksander Barkov.
13:28 of 1st period - Stopped by Marc-Andre Fleury without a rebound.
13:29 of 1st period - Brad Marchand wins face-off versus Artem Anisimov in Panthers zone.
13:51 of 1st period - Brad Marchand is hit by Tyler Myers.
15:35 of 1st period - Shot by Ryan Carter.
15:35 of 1st period - Stopped by Martin Jones without a rebound.
15:36 of 1st period - Joe Thornton wins face-off versus Jori Lehtera in Oilers zone.
15:49 of 1st period - Shot by Vladimir Tarasenko.
15:49 of 1st period - Shot Misses the Net.
16:01 of 1st period - Shot by Vladimir Tarasenko.
16:01 of 1st period - Shot Blocked by Nicklas Grossmann.
16:03 of 1st period - Shot by Vladimir Tarasenko.
16:03 of 1st period - Shot Misses the Net.
16:58 of 1st period - Icing by Zbynek Michalek.
16:59 of 1st period - Jori Lehtera wins face-off versus Matt Duchene in Oilers zone.
17:33 of 1st period - Shot by Mikkel Boedker.
17:33 of 1st period - Shot Blocked by Nicklas Grossmann.
17:35 of 1st period - Shot by Mikkel Boedker.
17:35 of 1st period - Shot Blocked by Nicklas Grossmann.
17:57 of 1st period - Shot by Joe Thornton.
17:57 of 1st period - Shot Misses the Net.
18:16 of 1st period - Shot by Joe Thornton.
18:16 of 1st period - Stopped by Martin Jones without a rebound.
18:17 of 1st period - Artem Anisimov wins face-off versus Aleksander Barkov in Oilers zone.
18:27 of 1st period - Shot by Artem Anisimov.
18:27 of 1st period - Stopped by Martin Jones without a rebound.
18:28 of 1st period - Artem Anisimov wins face-off versus Ryan Getzlaf in Oilers zone.
19:05 of 1st period - Shot by Alex Tanguay.
19:05 of 1st period - Stopped by Martin Jones without a rebound.
19:06 of 1st period - Matt Duchene wins face-off versus Aleksander Barkov in Oilers zone.
19:20 of 1st period - Icing by Michael Grabner.
19:21 of 1st period - Joe Thornton wins face-off versus Blake Wheeler in Oilers zone.
19:36 of 1st period - Francois Beauchemin is hit by Brian ONeill.
19:39 of 1st period - Blake Wheeler is hit by Trevor van Riemsdyk and loses puck.
19:58 of 1st period - Shot by Aleksander Barkov.
19:58 of 1st period - Goal by Aleksander Barkov - Panthers : 2 - Oilers : 1.
19:59 of 1st period - Ryan Johansen wins face-off versus Ryan Carter in neutral zone.
Goals for this period are 2 for Panthers vs 1 for Oilers.
Shots for this period are 11 for Panthers vs 5 for Oilers.

2nd period


0:01 of 2nd period - Aleksander Barkov wins face-off versus Mikkel Boedker in neutral zone.
0:27 of 2nd period - Shot by Blake Wheeler.
0:27 of 2nd period - Stopped by Marc-Andre Fleury without a rebound.
0:28 of 2nd period - Ryan Johansen wins face-off versus Artem Anisimov in Panthers zone.
0:28 of 2nd period - Matt Read is hit by Adam Pelech and loses puck.
0:36 of 2nd period - Ryan Johansen is hit by Danny DeKeyser and loses puck.
0:39 of 2nd period - Shot by Nicklas Grossmann.
0:39 of 2nd period - Stopped by Marc-Andre Fleury without a rebound.
0:40 of 2nd period - Ryan Getzlaf wins face-off versus Joe Thornton in Panthers zone.
0:45 of 2nd period - Shot by Ryan Getzlaf.
0:45 of 2nd period - Stopped by Marc-Andre Fleury with a rebound.
1:07 of 2nd period - Icing by Francois Beauchemin.
1:08 of 2nd period - Ryan Getzlaf wins face-off versus Matt Duchene in Oilers zone.
1:21 of 2nd period - Shot by Brad Marchand.
1:21 of 2nd period - Stopped by Marc-Andre Fleury without a rebound.
1:22 of 2nd period - Aleksander Barkov wins face-off versus Artem Anisimov in Panthers zone.
2:25 of 2nd period - Michael Grabner is hit by Justin Braun and loses puck.
2:52 of 2nd period - Shot by Mikkel Boedker.
2:52 of 2nd period - Shot Misses the Net.
2:59 of 2nd period - Jannik Hansen is hit by Justin Braun and loses puck.
3:05 of 2nd period - Ryan Johansen is hit by Justin Braun.
3:36 of 2nd period - Brad Marchand is hit by Justin Braun.
3:45 of 2nd period - Minor Penalty to Justin Braun for Roughing.
3:46 of 2nd period - Artem Anisimov wins face-off versus Ryan Getzlaf in Panthers zone.
3:55 of 2nd period - Tyler Myers is hit by Ryan Getzlaf.
5:15 of 2nd period - Shot by Brad Marchand.
5:15 of 2nd period - Stopped by Marc-Andre Fleury without a rebound.
5:16 of 2nd period - Matt Duchene wins face-off versus Ryan Getzlaf in Panthers zone.
6:15 of 2nd period - Shot by Brent Burns.
6:15 of 2nd period - Shot Blocked by Justin Braun.
6:17 of 2nd period - Shot by Dominic Moore.
6:17 of 2nd period - Stopped by Marc-Andre Fleury without a rebound.
6:18 of 2nd period - Ryan Johansen wins face-off versus Matt Duchene in Panthers zone.
6:37 of 2nd period - Icing by Marc-Edouard Vlasic.
6:38 of 2nd period - Alex Tanguay wins face-off versus Ryan Johansen in Oilers zone.
7:28 of 2nd period - Brad Marchand is hit by Tyler Myers and loses puck.
7:39 of 2nd period - Shot by Justin Williams.
7:39 of 2nd period - Deflect By Brad Marchand.
7:39 of 2nd period - Stopped by Marc-Andre Fleury without a rebound.
7:40 of 2nd period - Aleksander Barkov wins face-off versus Matt Duchene in Panthers zone.
8:00 of 2nd period - Shot by Matt Duchene.
8:00 of 2nd period - Shot Misses the Net.
10:12 of 2nd period - Icing by Marco Scandella.
10:13 of 2nd period - Patrick Kane wins face-off versus Jannik Hansen in Oilers zone.
10:16 of 2nd period - Shot by Patrick Kane.
10:16 of 2nd period - Shot Misses the Net.
10:19 of 2nd period - Icing by Jannik Hansen.
10:20 of 2nd period - Ryan Johansen wins face-off versus Artem Anisimov in Oilers zone.
10:30 of 2nd period - Icing by Marc-Edouard Vlasic.
10:31 of 2nd period - Ryan Johansen wins face-off versus Jesper Fast in Oilers zone.
11:18 of 2nd period - Aleksander Barkov is hit by Adam Pelech and loses puck.
11:23 of 2nd period - Shot by Aleksander Barkov.
11:23 of 2nd period - Stopped by Marc-Andre Fleury without a rebound.
11:24 of 2nd period - Ryan Getzlaf wins face-off versus Matt Duchene in Panthers zone.
11:27 of 2nd period - Shot by Brad Marchand.
11:27 of 2nd period - Shot Misses the Net.
11:40 of 2nd period - Icing by Brent Burns.
11:41 of 2nd period - Joe Thornton wins face-off versus Ryan Getzlaf in Oilers zone.
12:27 of 2nd period - Icing by Vladimir Tarasenko.
12:28 of 2nd period - Aleksander Barkov wins face-off versus Joe Thornton in Panthers zone.
12:37 of 2nd period - Shot by Blake Wheeler.
12:37 of 2nd period - Deflect By Aleksander Barkov.
12:37 of 2nd period - Shot Misses the Net.
12:56 of 2nd period - Off-side.
12:57 of 2nd period - Ryan Johansen wins face-off versus Matt Duchene in neutral zone.
13:07 of 2nd period - Justin Braun is hit by Nicklas Grossmann and loses puck.
13:40 of 2nd period - Shot by Mikkel Boedker.
13:40 of 2nd period - Stopped by Martin Jones with a rebound.
13:55 of 2nd period - Minor Penalty to Blake Wheeler for Roughing.
13:56 of 2nd period - Dominic Moore wins face-off versus Vladimir Tarasenko in Oilers zone.
14:18 of 2nd period - Shot by Joe Thornton.
14:18 of 2nd period - Shot Misses the Net.
14:20 of 2nd period - Shot by Joe Thornton.
14:20 of 2nd period - Shot Blocked by Francois Beauchemin.
14:46 of 2nd period - Nicklas Grossmann is hit by Mikkel Boedker and loses puck.
14:59 of 2nd period - Shot by Artem Anisimov.
14:59 of 2nd period - Stopped by Martin Jones with a rebound.
16:04 of 2nd period - Shot by Brad Marchand.
16:04 of 2nd period - Stopped by Marc-Andre Fleury without a rebound.
16:05 of 2nd period - Ryan Getzlaf wins face-off versus Patrick Kane in Panthers zone.
16:17 of 2nd period - Icing by Adam Pelech.
16:18 of 2nd period - Patrick Kane wins face-off versus Aleksander Barkov in Panthers zone.
16:23 of 2nd period - Danny DeKeyser is hit by Michael Grabner and loses puck.
16:32 of 2nd period - Shot by Blake Wheeler.
16:32 of 2nd period - Stopped by Marc-Andre Fleury with a rebound.
16:34 of 2nd period - Shot by Michael Grabner.
16:34 of 2nd period - Stopped by Marc-Andre Fleury without a rebound.
16:35 of 2nd period - Ryan Getzlaf wins face-off versus Joe Thornton in Panthers zone.
16:58 of 2nd period - Shot by Joe Thornton.
16:58 of 2nd period - Deflect By Vladimir Tarasenko.
16:58 of 2nd period - Stopped by Martin Jones without a rebound.
16:59 of 2nd period - Aleksander Barkov wins face-off versus Matt Duchene in Oilers zone.
16:59 of 2nd period - Aleksander Barkov is hit by Ryan Carter.
17:06 of 2nd period - Icing by Michael Grabner.
17:07 of 2nd period - Aleksander Barkov wins face-off versus Matt Duchene in Oilers zone.
17:22 of 2nd period - Icing by Justin Braun.
17:23 of 2nd period - Ryan Carter wins face-off versus Ryan Getzlaf in Panthers zone.
17:23 of 2nd period - Ryan Carter is hit by Brad Marchand.
17:38 of 2nd period - Shot by Mikkel Boedker.
17:38 of 2nd period - Shot Misses the Net.
18:00 of 2nd period - Shot by Justin Williams.
18:00 of 2nd period - Goal by Justin Williams - Panthers : 2 - Oilers : 2.
18:01 of 2nd period - Artem Anisimov wins face-off versus Aleksander Barkov in neutral zone.
18:21 of 2nd period - Alex Tanguay is hit by Blake Wheeler and loses puck.
18:26 of 2nd period - Shot by Michael Grabner.
18:26 of 2nd period - Shot Blocked by Adam Pelech.
18:30 of 2nd period - Shot by Aleksander Barkov.
18:30 of 2nd period - Shot Blocked by Danny DeKeyser.
18:32 of 2nd period - Shot by Michael Grabner.
18:32 of 2nd period - Shot Blocked by Adam Pelech.
18:36 of 2nd period - Shot by Blake Wheeler.
18:36 of 2nd period - Shot Blocked by Alex Tanguay.
18:38 of 2nd period - Shot by Michael Grabner.
18:38 of 2nd period - Shot Misses the Net.
18:39 of 2nd period - Minor Penalty to Danny DeKeyser for Roughing.
18:40 of 2nd period - Artem Anisimov wins face-off versus Ryan Getzlaf in Panthers zone.
Goals for this period are 0 for Panthers vs 1 for Oilers.
Shots for this period are 3 for Panthers vs 12 for Oilers.

3rd period


0:01 of 3rd period - Matt Duchene wins face-off versus Ryan Getzlaf in neutral zone.
0:22 of 3rd period - Shot by Brad Marchand.
0:22 of 3rd period - Shot Misses the Net.
0:24 of 3rd period - Shot by Marc-Edouard Vlasic.
0:24 of 3rd period - Stopped by Marc-Andre Fleury without a rebound.
0:25 of 3rd period - Artem Anisimov wins face-off versus Aleksander Barkov in Panthers zone.
1:02 of 3rd period - Dominic Moore is hit by Mikkel Boedker.
1:08 of 3rd period - Shot by Brent Burns.
1:08 of 3rd period - Stopped by Marc-Andre Fleury without a rebound.
1:09 of 3rd period - Aleksander Barkov wins face-off versus Joe Thornton in Panthers zone.
1:09 of 3rd period - Aleksander Barkov is hit by T.J. Brodie.
1:13 of 3rd period - Shot by Blake Wheeler.
1:13 of 3rd period - Stopped by Marc-Andre Fleury without a rebound.
1:14 of 3rd period - Joe Thornton wins face-off versus Aleksander Barkov in Panthers zone.
1:14 of 3rd period - Joe Thornton is hit by Blake Wheeler.
1:21 of 3rd period - Joe Thornton is hit by Blake Wheeler and loses puck.
1:36 of 3rd period - Shot by Aleksander Barkov.
1:36 of 3rd period - Deflect By Blake Wheeler.
1:36 of 3rd period - Stopped by Marc-Andre Fleury without a rebound.
1:37 of 3rd period - Ryan Getzlaf wins face-off versus Matt Duchene in Panthers zone.
1:37 of 3rd period - Ryan Getzlaf is hit by Danny DeKeyser.
1:42 of 3rd period - Justin Williams is hit by Adam Pelech and loses puck.
2:04 of 3rd period - Shot by Mikkel Boedker.
2:04 of 3rd period - Deflect By Ryan Carter.
2:04 of 3rd period - Stopped by Martin Jones without a rebound.
2:05 of 3rd period - Aleksander Barkov wins face-off versus Joe Thornton in Oilers zone.
2:12 of 3rd period - Shot by Aleksander Barkov.
2:12 of 3rd period - Shot Misses the Net.
2:14 of 3rd period - Shot by Marc-Edouard Vlasic.
2:14 of 3rd period - Stopped by Marc-Andre Fleury without a rebound.
2:15 of 3rd period - Artem Anisimov wins face-off versus Jannik Hansen in Panthers zone.
2:28 of 3rd period - Shot by Justin Braun.
2:28 of 3rd period - Shot Misses the Net.
3:34 of 3rd period - Shot by Justin Williams.
3:34 of 3rd period - Shot Misses the Net.
3:36 of 3rd period - Shot by Brad Marchand.
3:36 of 3rd period - Shot Misses the Net.
3:38 of 3rd period - Shot by Brad Marchand.
3:38 of 3rd period - Stopped by Marc-Andre Fleury without a rebound.
3:39 of 3rd period - Joe Thornton wins face-off versus Aleksander Barkov in Panthers zone.
3:52 of 3rd period - Shot by Joe Thornton.
3:52 of 3rd period - Stopped by Martin Jones without a rebound.
3:53 of 3rd period - Matt Duchene wins face-off versus Ryan Getzlaf in Oilers zone.
3:53 of 3rd period - Matt Duchene is hit by Nicklas Grossmann.
4:01 of 3rd period - Danny DeKeyser is hit by Brad Marchand.
4:13 of 3rd period - Shot by Brad Marchand.
4:13 of 3rd period - Shot Blocked by Danny DeKeyser.
4:15 of 3rd period - Shot by Zbynek Michalek.
4:15 of 3rd period - Stopped by Marc-Andre Fleury without a rebound.
4:16 of 3rd period - Aleksander Barkov wins face-off versus Joe Thornton in Panthers zone.
4:17 of 3rd period - Shot by Blake Wheeler.
4:17 of 3rd period - Shot Misses the Net.
4:19 of 3rd period - Shot by Blake Wheeler.
4:19 of 3rd period - Shot Misses the Net.
4:21 of 3rd period - Shot by Blake Wheeler.
4:21 of 3rd period - Shot Misses the Net.
5:02 of 3rd period - Icing by Aleksander Barkov.
5:03 of 3rd period - Matt Duchene wins face-off versus Aleksander Barkov in Oilers zone.
5:03 of 3rd period - T.J. Brodie is hit by Brent Burns and loses puck.
5:12 of 3rd period - Minor Penalty to Blake Wheeler for Interference.
5:13 of 3rd period - Matt Duchene wins face-off versus Jay Beagle in Oilers zone.
5:43 of 3rd period - Shot by T.J. Brodie.
5:43 of 3rd period - Shot Misses the Net.
6:21 of 3rd period - Shot by Jesper Fast.
6:21 of 3rd period - Shot Blocked by Dominic Moore.
6:29 of 3rd period - Shot by Vladimir Tarasenko.
6:29 of 3rd period - Shot Blocked by Marco Scandella.
6:31 of 3rd period - Shot by Jesper Fast.
6:31 of 3rd period - Shot Misses the Net.
6:33 of 3rd period - Shot by Tyler Myers.
6:33 of 3rd period - Stopped by Martin Jones without a rebound.
6:34 of 3rd period - Jannik Hansen wins face-off versus Joe Thornton in Oilers zone.
6:50 of 3rd period - Shot by Jannik Hansen.
6:50 of 3rd period - Stopped by Marc-Andre Fleury without a rebound.
6:51 of 3rd period - Matt Duchene wins face-off versus Jay Beagle in Panthers zone.
6:58 of 3rd period - Zbynek Michalek is hit by Matt Duchene and loses puck.
8:00 of 3rd period - Icing by Jesper Fast.
8:01 of 3rd period - Ryan Johansen wins face-off versus Patrick Kane in Panthers zone.
8:04 of 3rd period - Shot by Jannik Hansen.
8:04 of 3rd period - Stopped by Marc-Andre Fleury without a rebound.
8:05 of 3rd period - Ryan Johansen wins face-off versus Mikkel Boedker in Panthers zone.
8:51 of 3rd period - Icing by Matt Duchene.
8:52 of 3rd period - Aleksander Barkov wins face-off versus Ryan Carter in Panthers zone.
9:37 of 3rd period - Shot by Aleksander Barkov.
9:37 of 3rd period - Shot Blocked by Tyler Myers.
10:07 of 3rd period - Shot by Brad Marchand.
10:07 of 3rd period - Goal by Brad Marchand - Panthers : 2 - Oilers : 3.
10:08 of 3rd period - Patrick Kane wins face-off versus Ryan Johansen in neutral zone.
10:13 of 3rd period - Minor Penalty to Matt Read for Hooking.
10:14 of 3rd period - Matt Duchene wins face-off versus Jay Beagle in Oilers zone.
10:42 of 3rd period - Shot by Matt Duchene.
10:42 of 3rd period - Stopped by Martin Jones without a rebound.
10:43 of 3rd period - Vladimir Tarasenko wins face-off versus Dominic Moore in Oilers zone.
10:48 of 3rd period - Shot by Vladimir Tarasenko.
10:48 of 3rd period - Deflect By Joe Thornton.
10:48 of 3rd period - Stopped by Martin Jones with a rebound.
10:56 of 3rd period - Shot by Danny DeKeyser.
10:56 of 3rd period - Stopped by Martin Jones with a rebound.
10:58 of 3rd period - Shot by Joe Thornton.
10:58 of 3rd period - Stopped by Martin Jones without a rebound.
10:59 of 3rd period - Artem Anisimov wins face-off versus Jay Beagle in Oilers zone.
11:39 of 3rd period - Mikkel Boedker is hit by Francois Beauchemin and loses puck.
12:06 of 3rd period - Shot by Jesper Fast.
12:06 of 3rd period - Stopped by Martin Jones without a rebound.
12:07 of 3rd period - Jay Beagle wins face-off versus Joe Thornton in Oilers zone.
12:28 of 3rd period - Danny DeKeyser is hit by Ryan Getzlaf and loses puck.
12:42 of 3rd period - Minor Penalty to Danny DeKeyser for Holding.
12:43 of 3rd period - Aleksander Barkov wins face-off versus Artem Anisimov in Panthers zone.
13:38 of 3rd period - Shot by Francois Beauchemin.
13:38 of 3rd period - Stopped by Marc-Andre Fleury with a rebound.
14:05 of 3rd period - Shot by Blake Wheeler.
14:05 of 3rd period - Stopped by Marc-Andre Fleury without a rebound.
14:06 of 3rd period - Aleksander Barkov wins face-off versus Matt Duchene in Panthers zone.
14:22 of 3rd period - Icing by Aleksander Barkov.
14:23 of 3rd period - Artem Anisimov wins face-off versus Aleksander Barkov in Oilers zone.
14:36 of 3rd period - Shot by Jannik Hansen.
14:36 of 3rd period - Stopped by Marc-Andre Fleury with a rebound.
15:08 of 3rd period - Shot by Jori Lehtera.
15:08 of 3rd period - Stopped by Marc-Andre Fleury without a rebound.
15:09 of 3rd period - Aleksander Barkov wins face-off versus Joe Thornton in Panthers zone.
15:09 of 3rd period - Blake Wheeler is hit by Justin Braun and loses puck.
15:37 of 3rd period - Shot by Aleksander Barkov.
15:37 of 3rd period - Stopped by Marc-Andre Fleury without a rebound.
15:38 of 3rd period - Jesper Fast wins face-off versus Ryan Johansen in Panthers zone.
15:38 of 3rd period - Jesper Fast is hit by Ryan Johansen.
15:59 of 3rd period - Shot by Jesper Fast.
15:59 of 3rd period - Shot Misses the Net.
16:19 of 3rd period - Ryan Johansen is hit by Artem Anisimov and loses puck.
16:46 of 3rd period - Shot by Ryan Carter.
16:46 of 3rd period - Shot Misses the Net.
16:48 of 3rd period - Shot by Mikkel Boedker.
16:48 of 3rd period - Deflect By Matt Duchene.
16:48 of 3rd period - Shot Blocked by Nicklas Grossmann.
16:52 of 3rd period - Shot by Mikkel Boedker.
16:52 of 3rd period - Stopped by Martin Jones without a rebound.
16:53 of 3rd period - Joe Thornton wins face-off versus Ryan Getzlaf in Oilers zone.
16:55 of 3rd period - Vladimir Tarasenko is hit by Marco Scandella and loses puck.
17:12 of 3rd period - Justin Braun is hit by Ryan Getzlaf and loses puck.
17:21 of 3rd period - Shot by Justin Williams.
17:21 of 3rd period - Shot Misses the Net.
17:32 of 3rd period - Icing by Marc-Edouard Vlasic.
17:33 of 3rd period - Matt Duchene wins face-off versus Ryan Getzlaf in Oilers zone.
17:49 of 3rd period - Mikkel Boedker is hit by Marc-Edouard Vlasic and loses puck.
18:35 of 3rd period - Shot by Blake Wheeler.
18:35 of 3rd period - Shot Misses the Net.
18:54 of 3rd period - Panthers, Marc-Andre Fleury is pulled from the net.
18:56 of 3rd period - Shot by Alex Tanguay.
18:56 of 3rd period - Shot Blocked by Aleksander Barkov.
18:58 of 3rd period - Shot by Jesper Fast.
18:58 of 3rd period - Shot Misses the Net.
19:00 of 3rd period - Shot by Alex Tanguay.
19:00 of 3rd period - Shot Misses the Net.
19:12 of 3rd period - Shot by Artem Anisimov.
19:12 of 3rd period - Stopped by Martin Jones with a rebound.
19:30 of 3rd period - Shot by Vladimir Tarasenko.
19:30 of 3rd period - Shot Misses the Net.
19:46 of 3rd period - Shot by Vladimir Tarasenko.
19:46 of 3rd period - Deflect By Joe Thornton.
19:46 of 3rd period - Shot Blocked by Brent Burns.
19:48 of 3rd period - Shot by Joe Thornton.
19:48 of 3rd period - Shot Misses the Net.
19:50 of 3rd period - Shot by T.J. Brodie.
19:50 of 3rd period - Shot Misses the Net.
Goals for this period are 0 for Panthers vs 1 for Oilers.
Shots for this period are 10 for Panthers vs 15 for Oilers.